 Dungeon Crawl Stone Soup version 0.20.1-1-g8b1a95d (webtiles) character file.

1740 Gargoyl the Protected (level 8, 0/70 HPs)
             Began as a Minotaur Abyssal Knight on Oct 16, 2017.
             Was a Priest of Lugonu.
             Succumbed to a killer bee's poison
             ... on level 6 of the Dungeon.
             The game lasted 00:11:48 (6440 turns).

Gargoyl the Protected (Minotaur Abyssal Knight)     Turns: 6440, Time: 00:11:49

Health: 0/70       AC: 15    Str: 16 (17) XL:     8   Next: 77%
Magic:  10/10      EV:  6    Int:  8 (9)  God:    Lugonu [***...]
Gold:   471        SH:  0    Dex: 11 (12) Spells: 7/7 levels left

rFire    + . .     SeeInvis .   d - +2 battleaxe (vamp)
rCold    . . .     Gourm    .   (shield currently unavailable)
rNeg     . . .     Faith    .   u - +0 plate armour
rPois    .         Spirit   .   (helmet restricted)
rElec    .         Reflect  .   (no cloak)
rCorr    .         Harm     .   (no gloves)
MR       .....                  f - +0 pair of boots
Stlth    ..........             e - amulet of magic regeneration
Regen    0.3/turn               q - ring of protection from fire
MPRegen  0.2/turn               (no ring)

@: lethally poisoned (0 -> -48)
A: retaliatory headbutt, horns 2
a: Depart the Abyss, Bend Space, Banish, Renounce Religion


You were on level 6 of the Dungeon.
You worshipped Lugonu.
Lugonu was most pleased with you.
You were not hungry.

You visited 1 branch of the dungeon, and saw 7 of its levels.
You visited the Abyss 1 time.

You collected 471 gold pieces.

Inventory:

Hand Weapons
 a - a +1 hand axe
 d - a +2 vampiric battleaxe (weapon)
 z - the +3 mace of Fedhas's Whim {drain, rN+ MR+, unknown}
   (You found it on level 5 of the Dungeon)

   A truly terrible weapon, it drains the life of those it strikes.
   It protects you from negative energy.
   It affects your resistance to hostile enchantments.
Missiles
 p - 6 javelins (quivered)
Armour
 f - a +0 pair of boots (worn)
 u - a +0 plate armour (worn)
Jewellery
 e - an amulet of magic regeneration (around neck)
 q - a ring of protection from fire (left hand)
Wands
 y - a wand of random effects (20/48)
 A - a wand of scattershot (5/9)
 D - a wand of paralysis (17/24)
Scrolls
 c - 4 scrolls of teleportation
 g - 2 scrolls of remove curse
 h - a scroll of vulnerability {unknown}
 m - a scroll of identify
 s - 2 scrolls of fog
 t - a scroll of silence {unknown}
 w - 2 scrolls of amnesia
 x - a scroll of immolation {unknown}
 C - 2 scrolls of fear {unknown}
 E - a scroll of enchant armour {unknown}
 H - a scroll of enchant weapon {unknown}
 I - a scroll of noise {unknown}
Potions
 k - a potion of experience {unknown}
 o - a potion of invisibility {unknown}
 r - a potion of resistance {unknown}
 v - a potion of brilliance {unknown}
 F - 2 potions of flight {unknown}
 G - a potion of magic
Comestibles
 b - 2 royal jellies
 i - 4 bread rations
 j - 3 chunks of flesh
 n - 6 fruits
 B - a meat ration


   Skills:
 + Level 5.7 Fighting
 + Level 8.1 Axes
 * Level 8.4 Armour
 + Level 2.2 Dodging
 * Level 4.9 Invocations


You had 7 spell levels left.
You didn't know any spells.

Dungeon Overview and Level Annotations

Branches:
Dungeon (7/15)             Temple (0/1) D:4

Altars:
Cheibriados
Elyvilon
Fedhas
Hepliaklqana
Kikubaaqudgha
Ru
Sif Muna
Xom
Yredelemnul

Annotations:
D:5 Dickchan's ghost, novice MiBe; Menkaure


Innate Abilities, Weirdness & Mutations

You reflexively headbutt those who attack you in melee.
You have a pair of horns on your head.


Message History

Unknown command.
You hit the killer bee but do no damage.
Your headbutt misses the killer bee.
The killer bee is heavily wounded.
You miss the killer bee.
* * * LOW HITPOINT WARNING * * *
You feel very sick.
The killer bee stings you but does no damage.
The killer bee stings you.
* * * LOW HITPOINT WARNING * * *
The killer bee barely misses you. The killer bee stings you.
* * * LOW HITPOINT WARNING * * *
You are more poisoned.
The killer bee poisons you!
The killer bee stings you but does no damage.
Unknown command.
Your plate armour prevents you from hitting the killer bee.
The killer bee is moderately wounded.
You miss the killer bee.
You die...

###............####...##
##.###.#.#######.....##
#.# #.#....###.......#
#.###....#.#..........
#......#.....#...(...#
#####.>..#...##..)..##
#.#.##...###...##
#.#.##...# ##[## #
#@#.##...####.# #
#yy...........# #
###.##...###### #
#.##...#########
#...............
####.###########
#............
############. #.


You could see 2 killer bees.

Vanquished Creatures
  A water moccasin (D:6)
  2 ice beasts
  An ogre (D:6)
  A phantom (D:4)
  A centaur (D:6)
  Blork the orc (D:4)
  2 bullfrogs
  A wyvern skeleton (D:6)
  3 killer bees (D:7)
  A howler monkey (D:4)
  2 vampire bats (D:5)
  2 bullfrog skeletons
  An orc priest (D:5)
  An iguana (D:4)
  Ijyb (D:5)
  Natasha (D:4)
  5 orc wizards
  6 worker ants
  8 gnolls
  7 adders
  An ooze (D:1)
  5 worms
  2 dart slugs
  A leopard gecko (D:3)
  15 orcs
  7 giant cockroaches
  5 goblins
  9 hobgoblins
  8 jackals
  3 quokkas
  2 ball pythons
  11 bats
  5 frilled lizards
  3 kobolds
  2 quokka skeletons
  11 rats
138 creatures vanquished.

Vanquished Creatures (others)
  A lurking horror (Abyss:2)
1 creature vanquished.

Grand Total: 139 creatures vanquished

Notes
Turn   | Place    | Note
-------+----------+-------------------------------------------
     0 | Abyss:1  | Gargoyl the Minotaur Abyssal Knight began the quest for the Orb.
     0 | Abyss:1  | Reached XP level 1. HP: 19/19 MP: 1/1
    87 | Abyss:2  | Noticed a ynoxinul
    87 | D:1      | Escaped the Abyss
   132 | D:1      | Reached * piety under Lugonu
   161 | D:1      | Reached XP level 2. HP: 24/27 MP: 2/2
   581 | D:1      | Reached XP level 3. HP: 33/33 MP: 3/3
   844 | D:1      | You fall through a shaft!
  1161 | D:2      | Reached ** piety under Lugonu
  1286 | D:2      | Found a blossoming altar of Fedhas.
  1300 | D:2      | Found a white marble altar of Elyvilon.
  1304 | D:2      | Found a hazy altar of Hepliaklqana.
  1361 | D:2      | Reached XP level 4. HP: 29/40 MP: 4/4
  2509 | D:4      | Found a staircase to the Ecumenical Temple.
  2616 | D:4      | Noticed a phantom
  2619 | D:4      | Reached XP level 5. HP: 37/47 MP: 5/5
  2634 | D:4      | Killed a phantom
  2806 | D:4      | Found an ancient bone altar of Kikubaaqudgha.
  2871 | D:4      | Reached XP level 6. HP: 52/53 MP: 7/7
  2878 | D:4      | Reached skill level 5 in Axes
  2905 | D:4      | Noticed Natasha
  2916 | D:4      | Killed Natasha
  2916 | D:4      | Reached skill level 5 in Armour
  3152 | D:4      | Noticed Blork the orc
  3168 | D:4      | Killed Blork the orc
  3355 | D:5      | Entered Level 5 of the Dungeon
  3355 | D:5      | Noticed Ijyb
  3365 | D:5      | Reached XP level 7. HP: 55/60 MP: 8/8
  3370 | D:5      | Killed Ijyb
  3370 | D:5      | Reached *** piety under Lugonu
  3435 | D:5      | Noticed Dickchan's ghost (novice MiBe)
  3807 | D:5      | Noticed Menkaure
  4079 | D:5      | Reached skill level 5 in Fighting
  4441 | D:5      | Got a jewelled war axe
  4603 | D:4      | Identified the +4 war axe of Calamity {flame, Str-4 Int+5} (You found it on level 5 of the Dungeon)
  4619 | D:5      | Got a warped mace
  4764 | D:6      | Reached XP level 8. HP: 66/68 MP: 10/10
  4969 | D:6      | Found a shimmering altar of Xom.
  5416 | D:6      | Found a snail-covered altar of Cheibriados.
  5483 | D:6      | Found a basalt altar of Yredelemnul.
  5640 | D:7      | HP: 1/69 [killer bee (4)]
  5646 | D:7      | HP: 3/69 [poisoned by a killer bee]
  5654 | D:7      | HP: 2/69 [poisoned by a killer bee]
  5662 | D:7      | HP: 2/69 [poisoned by a killer bee]
  6097 | D:7      | Found a deep blue altar of Sif Muna.
  6174 | D:7      | Found a sacrificial altar of Ru.
  6440 | D:6      | Succumbed to a killer bee's poison

Skill      XL: |  1  2  3  4  5  6  7  8 |
---------------+-------------------------+-----
Invocations    | 2 3 4 |  4.9
Fighting       | 4 5 |  5.7
Axes           | 3 4 5 6 8 |  8.1
Armour         | 3 4 5 6 8 |  8.4
Dodging        | 2 |  2.2

Action                   |  1- 3 |  4- 6 |  7- 9 || total
-------------------------+-------+-------+-------++-------
Melee: Battleaxe         |    74 |   115 |   149 ||   338
       Headbutt          |    10 |    12 |    25 ||    47
Invok: Depart the Abyss  |     1 |       |       ||     1
       Bend Space        |       |       |     2 ||     2
       Banish            |       |       |     1 ||     1
  Use: Scroll            |     6 |     2 |     2 ||    10
       Potion            |       |       |     9 ||     9
  Eat: Bread ration      |     1 |       |     2 ||     3
       Chunk             |     2 |     4 |     3 ||     9
       Royal jelly       |       |     1 |     2 ||     3
       Fruit             |       |       |     1 ||     1
Armor: Leather armour    |    18 |       |       ||    18
       Ring mail         |    29 |    15 |       ||    44
       Plate armour      |       |    83 |   247 ||   330
Dodge: Dodged            |    95 |    46 |   107 ||   248
